 Dungeon Crawl Stone Soup version 0.30-a0-728-gc68057be0a (webtiles) character file.

Game seed: 8445967052849468687

249336 juan097 the Severer (level 19, -1/182 HPs)
             Began as a Hill Orc Berserker on Jan 31, 2023.
             Was the Champion of Trog.
             Killed from afar by an ironbound frostheart (34 damage)
             ... by creeping frost
             ... on level 1 of the Vaults.
             The game lasted 02:41:56 (42636 turns).

juan097 the Severer (Hill Orc Berserker)           Turns: 42636, Time: 02:41:56

Health: -1/182     AC: 29    Str: 34    XL:     19   Next: 59%
Magic:  19/19      EV: 15    Int:  7    God:    Trog [******]
Gold:   228        SH:  5    Dex: 17    Spells: 18/18 levels left

rFire   + . .      SeeInvis +    a - +7 battleaxe (vamp)
rCold   . . .      Faith    .    (shield currently unavailable)
rNeg    + . .      Spirit   .    f - +2 chain mail {rC+}
rPois   +          Reflect  +    g - +2 helmet {SInv}
rElec   .          Harm     .    h - +2 cloak "Nuav" {rPois rC- rN+}
rCorr   .          Rampage  .    N - +0 pair of gloves of Xaf Ydio {rF+ Dex+7 Stlth-}
Will    +++..                    Z - +2 pair of boots {Stlth+}
Stlth   +                        e - amulet of reflection
HPRegen 1.50/turn                C - +6 ring of strength {=R}
MPRegen 0.16/turn                Y - +4 ring of slaying

@: strong-willed, frozen, regenerating, very slow
A: no striking features
}: 2/15 runes: barnacled, gossamer
a: Renounce Religion, Convert to Beogh, Berserk, Trog's Hand, Brothers in Arms


You were on level 1 of the Vaults.
You worshipped Trog.
Trog was exalted by your worship.
You visited 6 branches of the dungeon, and saw 31 of its levels.
You also visited: Ice Cave and Volcano.

You collected 3360 gold pieces.
You spent 3132 gold pieces at shops.

Inventory:

Hand Weapons
 a - a +7 vampiric battleaxe (weapon)
 b - a +1 arbalest of freezing
 w - the +11 battleaxe of Miococku {heavy, rC+ Will+ Dex+2}
   (Trog gifted it to you on level 2 of the Spider Nest)

   Dex:       It affects your dexterity (+2).
   rC:        It protects you from cold.
   Will:      It increases your willpower.
 Q - a +6 antimagic battleaxe
Missiles
 t - 55 boomerangs (quivered)
 E - 9 throwing nets
 I - 11 javelins
 L - 3 silver javelins
 O - 2 curare-tipped darts
Armour
 f - a +2 chain mail of cold resistance (worn)
 g - a +2 helmet of see invisible (worn)
 h - the +2 cloak "Nuav" (worn) {rPois rC- rN+}
   (You found it on level 3 of the Shoals)

   rC:        It makes you vulnerable to cold.
   rPois:     It protects you from poison.
   rN:        It protects you from negative energy.
 N - the +0 pair of gloves of Xaf Ydio (worn) {rF+ Dex+7 Stlth-}
   (You found it on level 8 of the Dungeon)

   Dex:       It affects your dexterity (+7).
   rF:        It protects you from fire.
   Stlth:     It makes you less stealthy.
 Z - a +2 pair of boots of stealth (worn)
Jewellery
 e - an amulet of reflection (around neck)
 l - a ring of ice
 C - a +6 ring of strength (left hand) {=R}
 R - the ring "Vut Wile" {rElec Will+ Dex-2 SInv}
   (You bought it in a shop on level 7 of the Dungeon)

   [ring of willpower]

   Dex:       It affects your dexterity (-2).
   rElec:     It insulates you from electricity.
   SInv:      It lets you see invisible.
   Will:      It increases your willpower.
 S - a ring of resist corrosion
 Y - a +4 ring of slaying (right hand)
Wands
 D - a wand of acid (12)
 K - a wand of mindburst (23)
 M - a wand of iceblast (25)
Scrolls
 d - 2 scrolls of silence
 m - 11 scrolls of identify
 u - 5 scrolls of torment
 v - 8 scrolls of teleportation
 B - a scroll of blinking
 U - 4 scrolls of fog
 W - 4 scrolls of poison
 X - 3 scrolls of magic mapping
Potions
 c - 4 potions of ambrosia
 j - 10 potions of curing
 k - 6 potions of invisibility
 n - a potion of berserk rage
 o - 3 potions of flight
 p - 5 potions of lignification
 q - 6 potions of attraction
 r - 6 potions of heal wounds
 s - 7 potions of might
 z - 11 potions of haste
 H - a potion of resistance
 J - 5 potions of cancellation
Miscellaneous
 i - a condenser vane
 F - a phial of floods
 G - a lightning rod (4/4)


   Skills:
 + Level 19.0 Fighting
 - Level 20.0 Axes
 - Level 10.0 Ranged Weapons
 + Level 8.0 Throwing
 + Level 17.0 Armour
 - Level 11.0 Dodging
 - Level 8.0 Stealth
 + Level 11.4 Evocations


You had 18 spell levels left.
You didn't know any spells.
Your spell library was empty.

Dungeon Overview and Level Annotations

Branches:
Dungeon (15/15)            Temple (0/1) D:6            Lair (5/5) D:8
 Shoals (4/4) Lair:3       Spider (4/4) Lair:2          Orc (2/2) D:11
    Elf (0/3) Orc:2        Vaults (1/5) D:14         Depths (0/4) D:15
  IceCv (visited)         Volcano (visited)
  Slime: Lair:4-5

Altars:
Ashenzari
Cheibriados
Elyvilon
Hepliaklqana
Kikubaaqudgha
Nemelex Xobeh
Qazlal
Ru
Trog
Vehumet
Wu Jian
Xom
Zin
The Shining One

Shops:
D:3 *   D:7 =   D:8 (   D:11 [   D:13 =*[[   Orc:1 [?![[   Orc:2 :[(
Shoals:1 :

Annotations:
Shoals:3 1 runed translucent door, Cihivoiw's ghost, adept TeCj
Vaults:1 Saint Roka


Message History

Beogh smites you!
You slice the vault guard!!
You feel better.
You kill the vault guard!
Trog accepts your kill.
You slash the deep troll! You slash Saint Roka!
You feel better.
You slice Saint Roka!!
You feel better.
Saint Roka is almost dead.
You barely miss the deep troll. The deep troll completely misses you.
The deep troll claws you but does no damage. x2
Saint Roka hits you with a +1 great mace of venom!!
You closely miss Saint Roka.
Saint Roka is almost dead.
You hit the deep troll but do no damage.
The ice encasing you melts away.
The boggart mumbles some strange words.
The boggart blinks!
The vault sentinel blows a loud note on a signal horn!
The deep troll barely misses you. The deep troll claws you!
The deep troll claws you but does no damage.
Saint Roka roars a battlecry!
The orcs go into a battle-frenzy!
Saint Roka shouts, "Surrender to Beogh and we'll let you live!"
You are too injured to fight recklessly!
Your skin crawls.
You feel strong-willed.
The orc wizard no longer looks unusually strong.
The ironbound frostheart calls freezing cold from the walls.
The frost grips you!!
You are encased in ice.
Saint Roka invokes the aid of Beogh against you.
Beogh smites you!
* * * LOW HITPOINT WARNING * * *
The deep troll bites you!!
* * * LOW HITPOINT WARNING * * *
The deep troll claws you but does no damage.
The deep troll barely misses you.
Saint Roka shouts, "Surrender to Beogh and we'll let you live!"
The ironbound frostheart calls freezing cold from the walls.
The frost grips you!!
You die...

##++##### #........#
#........# #........#
#........# +........#
#........#
#.......@########
#.......))Tpk....
##############'###ook....
................#


Gpo.... ...>......#..#..# og..... ....#.....##....# ...)... .##.##...#..>.#.#
....... ......[.........# ....... #)[############## ....... You could see Saint
Roka, a great orb of eyes (summoned), an ironbound frostheart, a deep troll, a
vault sentinel (summoned), 2 lindwurms, a boggart, an orc wizard (invisible) and
an orc (strong).

Vanquished Creatures
  Nikola (Shoals:1)
  Mlioglotl (Shoals:4)
  Polyphemus (Shoals:3)
  Kirke (Spider:3)
  Frances (Spider:1)
  Gastronok (Lair:2)
  A kraken (Shoals:4)
  Roxanne (Spider:1)
  An emperor scorpion (Spider:4)
  4 ghost moths (Spider:4)
  Louise (D:15)
  2 ironbound preservers (Vaults:1)
  A reaper (IceCv)
  3 broodmothers
  A stone giant (D:15)
  3 spark wasps
  11 merfolk impalers
  An ettin (Orc:1)
  5 merfolk javelineers (Shoals:4)
  2 entropy weavers
  Fannar (Orc:1)
  A vault guard (Vaults:1)
  6 hydras
  An ironbound frostheart (Vaults:1)
  Harold (D:14)
  4 merfolk avatars
  An ogre mage (D:15)
  3 catoblepae
  4 satyrs (Shoals:3)
  8 merfolk aquamancers
  5 alligator snapping turtles
  A centaur warrior (D:15)
  6 radroaches
  7 boulder beetles
  2 alligators
  36 death yaks
  A deep troll shaman (Lair:5)
  Urug (D:13)
  11 two-headed ogres
  An orc high priest (Orc:1)
  Nergalle (Lair:2)
  Amaemon (Lair:1)
  4 skeletal warriors (D:14)
  2 sun moths
  7 pharaoh ants
  A fire crab (shapeshifter) (D:13)
  10 sea snakes
  9 deep trolls (Vaults:1)
  A kraken simulacrum (Shoals:4)
  A swamp dragon (Lair:4)
  9 orb spiders
  9 steelbarb worms
  6 harpies (Shoals:4)
  5 wolf spider zombies (Spider:2)
  2 wizards (D:14)
  4 lindwurms
  An ironbound convoker (Vaults:1)
  2 orc knights
  20 wolf spiders
  Pikel (D:5)
  4 spectral wolf spiders (Spider:2)
  A deep elf pyromancer (D:15)
  3 ugly things
  17 fauns
  4 moths of wrath
  4 salamanders (Volcano)
  12 cyclopes
  2 orc sorcerers
  18 manticores
  12 elephants
  8 merfolk sirens
  2 ice statues (IceCv)
  6 black mambas
  5 water nymphs
  3 torpor snails
  An orange demon (Lair:2)
  5 unseen horrors
  8 demonic crawlers
  2 gargoyles
  11 cane toads
  12 komodo dragons
  3 rime drakes (Lair:5)
  2 anaconda simulacra (IceCv)
  A tengu conjurer (D:15)
  7 ice devils (IceCv)
  An efreet (D:13)
  4 meliai
  41 merfolk
  38 tarantellas
  3 trolls
  A hornet (D:9)
  4 wolf spider simulacra (Spider:2)
  4 blink frogs
  2 polar bears
  9 wind drakes
  13 snapping turtles
  3 dream sheep
  16 jumping spiders
  3 slime creatures (D:14)
  36 yaks
  5 shadows
  A wraith (D:14)
  A dire elephant simulacrum (IceCv)
  14 water elementals
  26 culicivoras
  A vampire (D:9)
  3 wyverns
  A basilisk (D:15)
  A death yak simulacrum (IceCv)
  4 hogs (Spider:3)
  2 steam dragons (D:7)
  50 redbacks
  3 harpy simulacra (IceCv)
  13 vampire mosquitoes
  Menkaure (D:5)
  3 swamp worms (Lair:4)
  Edmund (D:5)
  2 wargs (Vaults:1)
  An acid dragon (D:12)
  11 water moccasins
  4 hydra simulacra (IceCv)
  Duvessa (D:5)
  38 orc warriors
  Pargi (D:4)
  2 swamp drakes (Lair:4)
  2 ice beasts
  3 sky beasts
  5 black bears
  18 wolves
  4 ogres
  24 centaurs
  3 lemures
  3 phantoms
  4 kobold brigands
  16 bullfrogs
  5 scorpions
  4 gnoll sergeants
  A necrophage (D:6)
  5 wights
  Dowan (D:5)
  17 killer bees
  An electric eel (Lair:2)
  A howler monkey (D:12)
  A crimson imp (D:11)
  7 hounds
  17 orc priests
  A gnoll bouda (D:7)
  3 jellies (D:7)
  Terence (D:2)
  An iguana (D:5)
  A troll simulacrum (IceCv)
  13 orc wizards
  A polar bear simulacrum (IceCv)
  A spriggan simulacrum (IceCv)
  6 ogre zombies (D:11)
  9 adders
  15 gnolls
  2 shadow imps (D:7)
  3 white imps
  4 dart slugs
  67 orcs
  8 ball pythons
  7 endoplasms
  2 giant cockroaches
  8 hobgoblins
  3 jackals (D:5)
  12 kobolds
  4 quokkas
  4 bats
  8 frilled lizards
  6 goblins
  4 goblin skeletons (D:11)
  A hobgoblin skeleton (D:11)
  A hobgoblin zombie (D:11)
  3 orc skeletons (D:11)
  10 orc zombies (D:11)
  A rat (D:1)
1113 creatures vanquished.

Vanquished Creatures (collateral kills)
  A warg (Orc:2)
  An ogre (Orc:2)
  An orc wizard (Orc:2)
  2 orcs (Orc:2)
5 creatures vanquished.

Vanquished Creatures (others)
  Arachne (Spider:4)
  An orc knight (Orc:2)
  A spectral wolf spider (Spider:2)
  A manticore (D:14)
  An efreet (D:15)
  An orc wizard (Orc:2)
  A quokka (D:14)
  33 fungi
  122 plants
  23 tentacles (Shoals:4)
185 creatures vanquished.

Grand Total: 1303 creatures vanquished

Notes
Turn   | Place    | Note
-------+----------+-------------------------------------------
     0 | D:1      | juan097 the Hill Orc Berserker began the quest for the Orb.
     0 | D:1      | Reached XP level 1. HP: 19/19 MP: 1/1
    49 | D:1      | Reached XP level 2. HP: 23/27 MP: 2/2
   271 | D:1      | Reached skill level 1 in Stealth
   425 | D:1      | Reached XP level 3. HP: 30/33 MP: 3/3
   784 | D:2      | Reached ** piety under Trog
   897 | D:2      | Noticed Terence
  1154 | D:2      | Reached XP level 4. HP: 25/41 MP: 4/4
  1338 | D:2      | Reached skill level 5 in Axes
  1451 | D:3      | Found Acywypt's General Store.
  1458 | D:3      | Bought a potion of curing for 39 gold pieces
  1819 | D:3      | Found a faded altar of an unknown god.
  2002 | D:3      | Reached XP level 5. HP: 22/47 MP: 5/5
  2108 | D:4      | Reached skill level 5 in Fighting
  2176 | D:4      | Noticed Pargi
  2186 | D:4      | Killed Pargi
  2187 | D:4      | Reached skill level 6 in Axes
  2187 | D:4      | Reached XP level 6. HP: 56/56 MP: 6/6
  2240 | D:4      | Noticed a sky beast
  2275 | D:3      | Killed a sky beast
  2300 | D:3      | Bought a scroll of identify for 26 gold pieces
  2506 | D:4      | Reached skill level 7 in Axes
  2514 | D:4      | Noticed a black bear
  2527 | D:4      | Killed a black bear
  2528 | D:4      | Reached XP level 7. HP: 61/61 MP: 7/7
  2712 | D:4      | Reached skill level 8 in Axes
  2831 | D:4      | Found a hazy altar of Hepliaklqana.
  3138 | D:4      | Found a bloodstained altar of Trog.
  3161 | D:5      | Entered Level 5 of the Dungeon
  3234 | D:5      | Noticed Menkaure
  3291 | D:5      | Reached *** piety under Trog
  3578 | D:2      | Killed Terence
  3794 | D:5      | Reached XP level 8. HP: 65/69 MP: 8/8
  3874 | D:5      | Noticed Pikel
  4045 | D:5      | Killed Menkaure
  4224 | D:5      | Noticed Edmund
  4317 | D:5      | Noticed Duvessa
  4317 | D:5      | Noticed Dowan
  4334 | D:5      | Killed Duvessa
  4335 | D:5      | Reached skill level 9 in Axes
  4335 | D:5      | Killed Dowan
  4525 | D:5      | Killed Pikel
  4526 | D:5      | Reached skill level 5 in Armour
  4526 | D:5      | Reached XP level 9. HP: 47/79 MP: 9/9
  4729 | D:5      | Reached skill level 10 in Axes
  5205 | D:6      | Found a staircase to the Ecumenical Temple.
  5364 | D:7      | Found Beawir's Jewellery Shop.
  5387 | D:7      | Reached skill level 11 in Axes
  5564 | D:7      | Found an ancient bone altar of Kikubaaqudgha.
  5565 | D:7      | Found a broken altar of Ashenzari.
  5685 | D:7      | Reached skill level 12 in Axes
  5867 | D:7      | Found a glowing golden altar of the Shining One.
  5897 | D:7      | Found a shimmering altar of Xom.
  5996 | D:7      | Found a stormy altar of Qazlal.
  6113 | D:7      | Reached skill level 1 in Evocations
  6348 | D:7      | Reached XP level 10. HP: 76/90 MP: 10/10
  6539 | D:7      | Reached **** piety under Trog
  7199 | D:3      | Bought a scroll of identify for 26 gold pieces
  7199 | D:3      | Bought a potion of haste for 130 gold pieces
  7199 | D:3      | Bought a scroll of immolation for 52 gold pieces
  7336 | D:5      | Killed Edmund
  7631 | D:8      | Found Hidwa's Weapon Boutique.
  7806 | D:8      | Found a staircase to the Lair.
  8287 | D:8      | Identified the +0 pair of gloves of Xaf Ydio {rF+ Dex+7
                  | Stlth-}
  8779 | D:7      | Bought the ring "Vut Wile" {rElec Will+ Dex-2 SInv} for 585
                  | gold pieces
  8869 | Lair:1   | Entered Level 1 of the Lair of Beasts
  8921 | Lair:1   | Reached skill level 10 in Fighting
  9061 | Lair:1   | Noticed a cane toad
  9070 | Lair:1   | Killed a cane toad
  9071 | Lair:1   | Reached skill level 13 in Axes
  9081 | Lair:1   | Noticed a cane toad
  9091 | Lair:1   | Reached skill level 5 in Evocations
  9091 | Lair:1   | Reached XP level 11. HP: 99/99 MP: 11/11
  9717 | Lair:1   | Reached skill level 14 in Axes
 10341 | Lair:2   | Noticed Amaemon
 10346 | Lair:2   | Noticed a four-headed hydra
 10353 | Lair:1   | Killed Amaemon
 10354 | Lair:1   | Reached skill level 15 in Axes
 10505 | Lair:2   | Noticed Nergalle
 10516 | Lair:2   | Killed Nergalle
 10716 | Lair:2   | Noticed an eight-headed hydra
 10892 | D:9      | Reached skill level 16 in Axes
 10990 | D:9      | Reached ***** piety under Trog
 11221 | D:9      | Found a sacrificial altar of Ru.
 11829 | D:9      | Reached XP level 12. HP: 31/106 MP: 12/12
 12235 | D:10     | Entered Level 10 of the Dungeon
 12235 | D:10     | Found a sparkling altar of Nemelex Xobeh.
 12243 | D:10     | Reached skill level 1 in Ranged Weapons
 12487 | D:10     | Found a glowing silver altar of Zin.
 12543 | D:10     | Found a snail-covered altar of Cheibriados.
 12854 | D:10     | Found an ornate altar of the Wu Jian Council.
 13396 | D:11     | Found a staircase to the Orcish Mines.
 13406 | D:11     | Received a gift from Trog
 13605 | D:11     | Found Jorreg's Antique Armour Shoppe.
 13783 | D:11     | Reached skill level 5 in Stealth
 14353 | D:12     | Reached skill level 5 in Dodging
 15046 | D:12     | Noticed a boulder beetle
 15059 | D:12     | Killed a boulder beetle
 15527 | D:11     | Bought a bloodstained ring mail for 261 gold pieces
 15527 | D:11     | Identified the +1 ring mail of the World {Will+ Regen+
                  | rCorr Slay+2} (You bought it in a shop on level 11 of the
                  | Dungeon)
 15603 | Orc:1    | Entered Level 1 of the Orcish Mines
 15661 | Orc:2    | Entered Level 2 of the Orcish Mines
 15661 | Orc:2    | Found a bloodstained altar of Trog.
 15673 | Orc:2    | Noticed an orc high priest
 15685 | Orc:1    | Killed an orc high priest
 15963 | Orc:2    | Found a staircase to the Elven Halls.
 16033 | Orc:2    | Reached XP level 13. HP: 93/116 MP: 13/13
 16070 | Orc:2    | Received a gift from Trog
 16515 | Orc:2    | Reached skill level 5 in Ranged Weapons
 16656 | Orc:1    | Found Butaan's Armour Boutique.
 16794 | Orc:1    | Noticed an ettin
 16803 | Orc:1    | Killed an ettin
 17439 | Orc:2    | Found Plog's Antique Armour Emporium.
 17439 | Orc:2    | Found Tacicoi's Magic Scroll Shop.
 17441 | Orc:2    | Found Iqoxtia's Weapon Boutique.
 17443 | Orc:2    | Found Gilugayq's Book Shoppe.
 17457 | Orc:2    | Bought a pair of embroidered boots for 240 gold pieces
 17514 | Orc:1    | Found Juwk's Armour Emporium.
 17645 | Orc:1    | Found Igupp's Armour Shoppe.
 17676 | Orc:1    | Found Itaeguu's Distillery.
 17697 | Orc:1    | Found a radiant altar of Vehumet.
 17773 | Orc:1    | Noticed Fannar
 17793 | Orc:1    | Killed Fannar
 17794 | Orc:1    | Reached skill level 10 in Armour
 18012 | Orc:1    | Found Noott's Magic Scroll Boutique.
 18061 | Orc:1    | Bought a +2 helmet of see invisible for 301 gold pieces
 18111 | Orc:2    | Bought a +2 vampiric battleaxe for 378 gold pieces
 18175 | Orc:1    | Bought a potion of invisibility for 96 gold pieces
 18439 | D:13     | Found Umiz's Jewellery Shop.
 18463 | D:13     | Noticed Urug
 18488 | D:13     | Killed Urug
 18657 | D:13     | Found Suemia's General Store.
 18723 | D:13     | Reached skill level 1 in Throwing
 18746 | D:13     | Found Humuezo's Antique Armour Shoppe.
 19073 | D:13     | Found Yjacho's Armour Shoppe.
 20005 | Lair:2   | Found a hole to the Spider Nest.
 20570 | Lair:2   | Noticed Gastronok
 20586 | Lair:2   | Killed Gastronok
 20587 | Lair:2   | Reached XP level 14. HP: 127/127 MP: 14/14
 21222 | Lair:3   | Found a bloodstained altar of Trog.
 21977 | Lair:3   | Reached skill level 17 in Axes
 22148 | Lair:3   | Found a staircase to the Shoals.
 22547 | Lair:4   | Found a dark tunnel.
 22560 | Volcano  | Entered a volcano
 23273 | Lair:5   | Entered Level 5 of the Lair of Beasts
 23367 | Lair:5   | Received a gift from Trog
 23447 | Lair:5   | Found a frozen archway.
 23462 | IceCv    | Entered an ice cave
 23515 | IceCv    | Reached skill level 18 in Axes
 24017 | IceCv    | Reached XP level 15. HP: 130/138 MP: 15/15
 24053 | IceCv    | Identified the +1 hat of Cheibriados's Whim {Contam Fly rC-
                  | SInv}
 25772 | Lair:5   | Reached ****** piety under Trog
 25772 | Lair:5   | Received a gift from Trog
 26050 | Lair:5   | Found the +6 lightning scales {swift, rElec}
 26550 | Orc:1    | Bought 3 scrolls of enchant weapon for 270 gold pieces
 26679 | D:13     | Bought a potion of resistance for 140 gold pieces
 26740 | D:14     | Found a gate to the Vaults.
 26943 | D:14     | Reached XP level 16. HP: 137/147 MP: 16/16
 26961 | D:14     | Reached skill level 15 in Fighting
 27500 | D:14     | Found a white marble altar of Elyvilon.
 27931 | D:15     | Entered Level 15 of the Dungeon
 27931 | D:15     | Noticed Louise
 27931 | D:15     | Noticed Harold
 28113 | D:14     | Reached skill level 19 in Axes
 28188 | D:14     | Killed Harold
 28252 | D:15     | Killed Louise
 28529 | D:15     | Found a staircase to the Depths.
 29023 | Spider:1 | Entered Level 1 of the Spider Nest
 29505 | Spider:1 | Received a gift from Trog
 29871 | Spider:1 | Noticed Roxanne
 29957 | Spider:1 | Noticed Frances
 29982 | Spider:1 | Killed Frances
 29983 | Spider:1 | Reached skill level 10 in Evocations
 30417 | Spider:1 | Killed Roxanne
 30526 | Spider:2 | Reached skill level 5 in Throwing
 30677 | Spider:2 | Reached skill level 10 in Ranged Weapons
 31036 | Spider:2 | Identified the +7 short sword "Ahycif" {heavy, Int+5 Dex+3}
 31103 | Spider:2 | Identified the +11 battleaxe of Miococku {heavy, rC+ Will+
                  | Dex+2} (Trog gifted it to you on level 2 of the Spider
                  | Nest)
 31103 | Spider:2 | Received a gift from Trog
 31107 | Spider:2 | Reached XP level 17. HP: 139/158 MP: 17/17
 31175 | Spider:2 | Reached skill level 20 in Axes
 32048 | Spider:3 | Received a gift from Trog
 32460 | Spider:3 | Noticed Kirke
 32466 | Spider:3 | Noticed a sphinx
 32481 | Spider:3 | Killed Kirke
 32893 | Spider:4 | Entered Level 4 of the Spider Nest
 34226 | Spider:4 | Received a gift from Trog
 34543 | Spider:4 | Reached XP level 18. HP: 159/168 MP: 2/18
 34815 | Spider:4 | Noticed Arachne
 34840 | Spider:4 | Killed Arachne
 34841 | Spider:4 | Reached skill level 15 in Armour
 35072 | Spider:4 | Got a gossamer rune of Zot
 35456 | Shoals:1 | Entered Level 1 of the Shoals
 35543 | Shoals:1 | Found Waosiel's Book Boutique.
 35821 | Shoals:1 | Noticed Nikola
 35837 | Shoals:1 | Killed Nikola
 37084 | Shoals:2 | You are sucked into a shaft and drop 1 floor!
 37126 | Shoals:3 | Identified the +2 cloak "Nuav" {rPois rC- rN+}
 37765 | Shoals:3 | Received a gift from Trog
 37787 | Shoals:3 | Reached skill level 10 in Dodging
 38088 | Shoals:3 | Noticed Polyphemus
 38115 | Shoals:3 | Killed Polyphemus
 38141 | Shoals:3 | Found a runed translucent door.
 38143 | Shoals:3 | Noticed Cihivoiw's ghost (adept TeCj)
 39097 | Shoals:4 | Entered Level 4 of the Shoals
 39214 | Shoals:4 | Received a gift from Trog
 39217 | Shoals:4 | Reached XP level 19. HP: 180/180 MP: 19/19
 39290 | Shoals:4 | Noticed Mlioglotl
 39304 | Shoals:4 | Killed Mlioglotl
 39890 | Shoals:4 | Got a barnacled rune of Zot
 41056 | Shoals:4 | Received a gift from Trog
 42217 | D:13     | Bought a pair of glimmering boots for 266 gold pieces
 42217 | D:13     | Identified the +0 pair of boots "Ynuasch" {+Inv rElec rPois
                  | Str-2} (You bought it in a shop on level 13 of the Dungeon)
 42268 | D:13     | Bought a +2 chain mail of cold resistance for 322 gold
                  | pieces
 42543 | Vaults:1 | Entered Level 1 of the Vaults
 42606 | Vaults:1 | Noticed Saint Roka
 42636 | Vaults:1 | Killed from afar by an ironbound frostheart

Illustrated notes

Levels and vault maps discovered:
D:1:      minmay_arrival_four_loops, layout_rooms, minmay_lizard_pond
D:2:      layout_rooms, nrook_mini_backslash, nrook_loot_triangle, uniq_terence
D:3:      layout_basic, dreamdust_ecumenical_altar_hidden_monk_grotto,
          serial_shops, nicolae_shop_crystal
D:4:      layout_cave_pools, mainiacjoe_overflow_alcove_4, lemuel_round_altar,
          kennysheep_generic_room_16, uniq_pargi
D:5:      layout_basic, hangedman_abyss_or_decor_stabs, uniq_duvessa,
          uniq_edmund, uniq_pikel, uniq_menkaure
D:6:      layout_rooms, minmay_temple_entry_nine_rooms
D:7:      minmay_polygon_palace, layout_basic,
          chequers_temple_overflow_statue_of_worship,
          mainiacjoe_overflow_divided_tiny, serial_shops,
          nicolae_shop_hallway_plus
D:8:      layout_basic, lair_entry_dummy, serial_shops, shop
D:9:      layout_gridville, nicolae_ru_great_annihilating_truth,
          grunt_ministairs_6, st_stairs_3
D:10:     layout_stronghold, mainiacjoe_overflow_alcove_1,
          mainiacjoe_overflow_boulevard, zin_statuary,
          nemelex_xobeh_ov_fountains_minmay
D:11:     layout_irregular_city, zombieorc1_lemuel, serial_rivers,
          chequers_serial_rivers_marsh, chequers_serial_rivers_micro_e,
          chequers_serial_rivers_small_3, chequers_serial_rivers_small_3,
          chequers_serial_rivers_small_b, chequers_serial_rivers_small_3,
          nicolae_take_the_stairs, eino_curves_03, minmay_fire_ice_demons
D:12:     layout_long_grid
D:13:     layout_basic, serial_shops, nicolae_shop_waterfront,
          nicolae_diamond_shop, nicolae_shop_temple_entry_statues_fountains,
          nicolae_shop_stone, chequers_hall_statues_wall_a, uniq_urug
D:14:     layout_basic, david_vaults_1, elyvilon_altar_4,
          amcnicky_mini_corridor_feature
D:15:     grunt_enter_depths_giant_problem, layout_rooms, minivault_14,
          sword_in_stone
Lair:1:   layout_cave_pods
Lair:2:   layout_cave_pods, hellmonk_spider_entry_not_the_bees,
          minmay_shattered_shrine, infiniplex_staircase_pool, uniq_amaemon,
          uniq_nergalle, uniq_gastronok, uniq_harold
Lair:3:   layout_concentric_octagons, minmay_shoals_entry_beasts, basic_altar,
          grunt_megastairs_1, serial_bayou_shore_b, infiniplex_staircase_pool_2
Lair:4:   onia_ninara_swampy_vault, layout_cellular_growth,
          dpeg_slime_entry_enclosed, enter_volcano_1, lemuel_fruit_tree,
          serial_bayou_shore_b
Lair:5:   grunt_lair_end_beastmaster, layout_layer_cave, portal_ice_cave_rime
Shoals:1: cheibrodos_shoals_baths, layout_shoals, serial_shops, shop_statue,
          nicolae_shoals_aquamancer_cove, uniq_nikola
Shoals:2: layout_shoals
Shoals:3: layout_shoals, ebering_ghost_inner_flame, uniq_polyphemus
Shoals:4: shoals_end_grunt_ice, layout_shoals, uniq_mlioglotl
Spider:1: layout_cave_pods, uniq_roxanne, uniq_frances
Spider:2: layout_spider_delve, nicolae_spider_undead_wolf_pack
Spider:3: layout_spider_delve, nicolae_spider_orb_run,
          hangedman_spider_tarantella_strand, uniq_kirke
Spider:4: grunt_spider_rune_parallel, uniq_arachne
Orc:1:    layout_caves, basic_altar, serial_shops, nicolae_shop_behind_doors,
          nicolae_shop_hallway_stairs, nicolae_lakefront_shop, shop,
          nicolae_shop_hallway_stairs, uniq_fannar
Orc:2:    st_orc_rangers, layout_caves, basic_altar
Vaults:1: vaults_dpeg_emergency_exit, vaults_room_boxed, dpeg_vaults_waves,
          nicolae_vaults_triangles, hangedman_vaults_slice,
          nicolae_vaults_rhombus_7, nicolae_vaults_angled_halls,
          vaults_mumra_minichess_inversion, nicolae_vaults_mini_display_case,
          vaults_dpeg_encased_lava, nicolae_vaults_circle_grid_a,
          grunt_vaults_hallway_short, vaults_room_stairs_pillars,
          layout_vaults_big_cross, uniq_aizul, uniq_saint_roka

Skill      XL: |  1  2  3  4  5  6  7  8  9 10 11 12 13 14 15 16 17 18 19 |
---------------+----------------------------------------------------------+-----
Fighting       | 4 5 7 8 10 11 12 14 15 16 18 19 | 19.0
Stealth        | 1 2 3 4 5 6 7 8 |  8.0
Axes           | 5 6 7 8 9 12 13 16 18 19 20 | 20.0
Dodging        | 2 3 4 5 6 7 8 9 10 11 | 11.0
Armour         | 3 5 7 8 9 10 12 13 14 16 17 | 17.0
Evocations     | 2 5 6 7 8 9 10 11 | 11.4
Ranged Weapons | 4 6 8 9 10 | 10.0
Throwing       | 3 4 6 7 8 |  8.0

Action                     |  1- 3 |  4- 6 |  7- 9 | 10-12 | 13-15 | 16-18 | 19-21 || total
---------------------------+-------+-------+-------+-------+-------+-------+-------++-------
  Melee: Hand axe          |    99 |   142 |   254 |   103 |       |       |       ||   598
         Punch             |     3 |     2 |     6 |     4 |     6 |     1 |       ||    22
         War axe           |       |       |    25 |   363 |   224 |    28 |       ||   640
         Battleaxe         |       |       |       |       |   606 |  1046 |   262 ||  1914
   Fire: Sling             |       |       |    47 |    72 |       |       |       ||   119
         Shortbow          |       |       |       |    88 |   246 |    28 |       ||   362
         Arbalest          |       |       |       |       |       |   220 |    33 ||   253
  Throw: Dart              |       |     6 |     6 |    18 |    15 |   175 |       ||   220
         Boomerang         |       |     8 |     9 |     1 |       |     1 |    16 ||    35
         Javelin           |       |       |       |       |       |       |     2 ||     2
 Invoke: Berserk           |       |     3 |     4 |     2 |     5 |     1 |       ||    15
         Trog's Hand       |       |       |       |       |     3 |     7 |     4 ||    14
         Brothers in Arms  |       |       |       |       |     2 |       |       ||     2
  Evoke: Wand              |       |       |     4 |     5 |     9 |    21 |     6 ||    45
         Phial of floods   |       |       |       |       |     1 |       |       ||     1
    Use: Scroll            |       |     6 |     4 |    10 |    14 |     3 |     3 ||    40
         Potion            |       |       |       |     2 |       |     3 |       ||     5
   Stab: Sleeping          |     2 |     1 |     1 |       |     2 |     1 |       ||     7
         Petrified         |       |       |       |       |     1 |     7 |       ||     8
         Invisible         |       |       |       |       |       |     1 |       ||     1
         Petrifying        |       |       |       |       |       |     2 |       ||     2
 Armour: Animal skin       |     6 |       |       |       |       |       |       ||     6
         Ring mail         |     5 |    32 |    41 |    84 |       |       |       ||   162
         Troll leather arm |       |    17 |    23 |       |       |       |       ||    40
         Scale mail        |       |       |       |    57 |   183 |       |       ||   240
         Swamp dragon scal |       |       |       |       |   121 |   449 |    57 ||   627
         Robe              |       |       |       |       |     1 |       |       ||     1
         Chain mail        |       |       |       |       |       |       |    33 ||    33
  Dodge: Dodged            |    59 |    92 |   109 |   227 |   454 |   764 |   182 ||  1887
  Block: Other             |       |       |    14 |    95 |   153 |   232 |    52 ||   546
         Reflection        |       |       |     1 |     4 |    20 |    24 |     3 ||    52

Table legend: (Time is in decaauts)
 A = Elapsed time spent in this place.
 B = Non-inter-level travel time spent in this place.
 C = Inter-level travel time spent in this place.
 D = Time resting spent in this place.
 E = Time spent auto-exploring this place.
 F = Levels seen in this place.
 G = Mean time per level.
                   A        B        C        D        E       F      G
               +--------+--------+--------+--------+--------+-----+--------+
         Total |  42408 |  38254 |   4154 |   2160 |  26749 |  33 | 1285.1 |
       Dungeon |  17914 |  15611 |   2303 |   1124 |  11013 |  15 | 1194.3 |
          Lair |   7942 |   7205 |    737 |      7 |   5406 |   5 | 1588.4 |
        Shoals |   6363 |   5935 |    428 |    217 |   4248 |   4 | 1590.8 |
   Spider Nest |   6134 |   5809 |    325 |     70 |   4284 |   4 | 1533.5 |
  Orcish Mines |   2862 |   2503 |    359 |    535 |   1287 |   2 | 1431.0 |
        Vaults |     73 |     73 |      0 |      0 |     20 |   1 |   73.0 |
      Ice Cave |   1022 |   1022 |      0 |    206 |    479 |   1 | 1022.0 |
       Volcano |     93 |     93 |      0 |      0 |     12 |   1 |   93.0 |
               +--------+--------+--------+--------+--------+-----+--------+

Top non-repeatable levels by time:
Spider:4: 2239 daAuts
  Lair:2: 2127 daAuts
Shoals:4: 2011 daAuts
     D:7: 1917 daAuts
    D:11: 1890 daAuts
  Lair:1: 1877 daAuts
Shoals:3: 1845 daAuts
  Lair:5: 1685 daAuts
   Orc:1: 1564 daAuts
Spider:1: 1499 daAuts
     D:9: 1465 daAuts
    D:14: 1461 daAuts
     D:5: 1409 daAuts
Shoals:2: 1396 daAuts
  Lair:3: 1370 daAuts
